 Dungeon Crawl Stone Soup version 0.30-a0-1163-gf69bf04e7a (webtiles) character file.

Game seed: 8515429333731598298

764 sircluck the Chopper (level 7, -1/61 HPs)
             Began as a Minotaur Fighter on Apr 28, 2023.
             Was a Follower of Qazlal.
             Slain by a gnoll sergeant
             ... wielding a +3 spear of freezing
              (3 damage)
             ... on level 3 of the Dungeon.
             The game lasted 00:06:39 (3102 turns).

sircluck the Chopper (Minotaur Fighter)             Turns: 3102, Time: 00:06:40

Health: -1/61      AC: 12    Str: 23    XL:     7   Next: 51%
Magic:  6/6        EV: 13    Int:  5    God:    Qazlal [*.....]
Gold:   127        SH:  6    Dex:  9    Spells: 6/6 levels left

rFire   . . .        a - +0 war axe
rCold   . . .        c - +0 buckler
rNeg    . . .        t - +0 chain mail
rPois   .            (helmet restricted)
rElec   .            r - +0 cloak
rCorr   .            (no gloves)
SInv    .            l - +0 pair of boots
Will    .....        (no amulet) Stlth
                     s - +5 ring of evasion
HPRegen 0.30/turn    (no ring)
MPRegen 0.10/turn

%: no passive effects
@: no status effects
A: horns 2, retaliatory headbutt
a: Renounce Religion


You were on level 3 of the Dungeon.
You worshipped Qazlal.
Qazlal was aware of your devotion.
You visited 1 branch of the dungeon, and saw 3 of its levels.

You collected 127 gold pieces.

Inventory:

Hand Weapons
 a - a +0 war axe (weapon)
 d - a +2 quarterstaff of chaos
Missiles
 e - 5 silver boomerangs (quivered)
 h - 38 stones
 q - 6 poisoned darts
Armour
 c - a +0 buckler (worn)
 l - a +0 pair of boots (worn)
 r - a +0 cloak (worn)
 t - a +0 chain mail (worn)
Jewellery
 s - a +5 ring of evasion (left hand)
Wands
 o - a wand of roots (10)
Scrolls
 f - 2 scrolls of teleportation {unknown}
 j - a scroll of immolation {unknown}
 m - a scroll of enchant weapon {unknown}
 n - a scroll of magic mapping {unknown}
 p - 3 scrolls of identify {unknown}
Potions
 g - a potion of degeneration {unknown}
 i - 6 potions of curing {unknown}
 k - a potion of heal wounds {unknown}


   Skills:
 + Level 5.1 Fighting
 + Level 7.2 Axes
 + Level 6.2 Armour
 + Level 1.4 Dodging
 + Level 0.7 Stealth
 + Level 4.7 Shields


You had 6 spell levels left.
You didn't know any spells.
Your spell library contained the following spells:

 Spells                   Type           Power      Damage    Failure   Level
 Summon Small Mammal      Summ           0%         N/A       98%         1
 Cigotuvi's Dreadful Rot  Necr/Pois/Air  0%         N/A       99%         2
 Call Canine Familiar     Summ           0%         N/A       100%        3
 Portal Projectile        Hex/Tloc       0%         N/A       100%        3
 Dispel Undead            Necr           0%         3d6       100%        4
 Leda's Liquefaction      Hex/Erth       0%         N/A       100%        4
 Death Channel            Necr           0%         N/A       100%        6


Dungeon Overview and Level Annotations

Branches:
Dungeon (3/15)

Altars:
Ashenzari
Qazlal
Xom

Shops:
D:2 :


Innate Abilities, Weirdness & Mutations

You have a pair of horns on your head.
You reflexively headbutt those who attack you in melee.


Message History

The gnoll closely misses you.
The gnoll sergeant hits you from afar with a +3 spear of freezing!
* * * LOW HITPOINT WARNING * * *
The gnoll sergeant freezes you.
* * * LOW HITPOINT WARNING * * *
The gnoll misses you.
Aiming: Fastroot
Press: ? - help, Q - select action, (/) - cycle Shift-Dir - straight line, f - gnoll sergeant
Aim: a gnoll sergeant, wielding a +3 spear of freezing and wearing a +0 scale mail (lightly wounded, covering ground quickly)
The roots erupt in riotous growth!
Roots grab the gnoll sergeant.
The grasping roots constrict the gnoll sergeant.
You hear a shout! x6
The gnoll sergeant is no longer moving quickly.
The grasping roots constrict the gnoll sergeant!
The gnoll is no longer moving quickly.
The roots release their grip on the gnoll sergeant.
The gnoll sergeant barely misses you.
An orc comes into view. It is wielding a +0 short sword.
There is an open door here.
An orc comes into view. It is wielding a +0 hand axe.
The orc shouts!
There is a huge open gate, spattered with blood here.
Things that are here:
a +0 dagger; an orc corpse The orc attacks as you move away!
The orc closely misses you. The orc attacks as you move away!
You block the orc's attack. The orc attacks as you move away!
You block the orc's attack.
You enter the shallow water.
Moving in this stuff is going to be slow.
The orc hits you but does no damage. The orc attacks as you move away!
The orc misses you. You block the orc's attack. Why would you want to do that?
Why would you want to do that? The orc misses you.
The gnoll sergeant hits you from afar with a +3 spear of freezing!
* * * LOW HITPOINT WARNING * * *
The gnoll sergeant freezes you.
You die...

.........# #...##.##.#.....##
.##.##.### ######.##.#.....#
.##)##.# ########
#.......####
.....))####......#######.####
...)))......................#
~....))~~~≈≈~≈~~~~~~~~≈~....#
~....≈~≈≈≈≈≈≈~≈≈≈≈~≈≈≈≈~....#
~....≈))~~≈~~ggo~#####≈~....#
...............o@#. #≈~....#
#''')############# #≈~....#
#.).)#......)# ###≈≈P...#
#..g.#.......# #.~≈≈....#
'....'g..g...# #.≈≈~....#
############)# #.~≈~....#
#...).)g# #.~~~....#
~~.........# #.~~~....#
~~.........# #.~≈~....#


You could see a gnoll sergeant, a gnoll and 2 orcs.

Vanquished Creatures
  Grinder (D:3)
  Sigmund (D:2)
  A howler monkey (D:3)
  3 hounds (D:3)
  Crazy Yiuf (D:2)
  A gnoll bouda (D:3)
  12 gnolls
  4 adders
  2 worms
  A dart slug (D:2)
  8 orcs (D:3)
  10 ball pythons
  6 bats
  2 endoplasms
  3 giant cockroaches
  2 goblins (D:1)
  6 hobgoblins
  11 jackals (D:3)
  4 quokkas
  4 frilled lizards
  4 kobolds
  3 rats
90 creatures vanquished.

Vanquished Creatures (others)
  3 fungi (D:2)
  3 plants (D:3)
6 creatures vanquished.

Grand Total: 96 creatures vanquished

Notes
Turn   | Place    | Note
-------+----------+-------------------------------------------
     0 | D:1      | sircluck the Minotaur Fighter began the quest for the Orb.
     0 | D:1      | Reached XP level 1. HP: 19/19 MP: 0/0
     2 | D:1      | Noticed a gargoyle
     2 | D:1      | Noticed a vine stalker
     4 | D:1      | Noticed a draconian
     4 | D:1      | Noticed a formicid
     6 | D:1      | Noticed a spriggan
     6 | D:1      | Noticed a vampire
     8 | D:1      | Noticed an octopode
     8 | D:1      | Noticed an elf
    10 | D:1      | Noticed a ghoul
    10 | D:1      | Noticed a naga
    12 | D:1      | Noticed an armataur
    14 | D:1      | Noticed a demigod
    16 | D:1      | Noticed a minotaur
    16 | D:1      | Noticed a demonspawn
    18 | D:1      | Noticed a troll
    18 | D:1      | Noticed a meteoran
    20 | D:1      | Noticed an ogre
    22 | D:1      | Noticed a felid
    22 | D:1      | Noticed a tengu
    24 | D:1      | Noticed a merfolk
    26 | D:1      | Noticed a human
    26 | D:1      | Noticed an elf
   624 | D:1      | Reached XP level 2. HP: 27/27 MP: 1/1
  1130 | D:1      | Reached XP level 3. HP: 30/33 MP: 2/2
  1525 | D:2      | Identified the +2 pair of gloves "Ivevug" {Str+5}
  1542 | D:2      | Reached skill level 3 in Axes
  1654 | D:2      | Found a stormy altar of Qazlal.
  1677 | D:2      | Found Doutal's Book Emporium.
  1696 | D:2      | Became a worshipper of Qazlal Stormbringer
  1776 | D:2      | Reached XP level 4. HP: 40/40 MP: 3/3
  1839 | D:2      | Noticed Sigmund
  1852 | D:2      | Killed Sigmund
  1853 | D:2      | Reached skill level 4 in Axes
  1853 | D:2      | Reached skill level 5 in Armour
  1853 | D:2      | Reached XP level 5. HP: 12/47 MP: 4/4
  2247 | D:2      | Found a runed translucent door.
  2248 | D:2      | Noticed Crazy Yiuf
  2259 | D:2      | Killed Crazy Yiuf
  2260 | D:2      | Reached skill level 5 in Axes
  2491 | D:3      | Reached XP level 6. HP: 52/53 MP: 5/5
  2546 | D:3      | Reached skill level 1 in Dodging
  2599 | D:3      | Found a broken altar of Ashenzari.
  2649 | D:3      | Found a faded altar of an unknown god.
  2659 | D:3      | Got Plato's Vademecum on the Congregation
  2730 | D:3      | Found a shimmering altar of Xom.
  2779 | D:3      | Noticed Grinder
  2788 | D:3      | Killed Grinder
  2788 | D:3      | Reached * piety under Qazlal
  2789 | D:3      | Reached skill level 6 in Axes
  2789 | D:3      | Reached XP level 7. HP: 48/60 MP: 6/6
  2926 | D:3      | Reached skill level 5 in Fighting
  3016 | D:3      | Reached skill level 7 in Axes
  3078 | D:3      | HP: 3/61 [gnoll sergeant/+3 spear of freezing (8)]
  3078 | D:3      | HP: 1/61 [gnoll sergeant/+3 spear of freezing (2)]
  3102 | D:3      | HP: 2/61 [gnoll sergeant/+3 spear of freezing (7)]
  3102 | D:3      | Slain by a gnoll sergeant

Illustrated notes

Levels and vault maps discovered:
D:1:      kb_arrival_jail, layout_basic
D:2:      layout_basic, serial_shops, shop, basic_altar,
          minmay_misc_feat_encased, uniq_crazy_yiuf_cottage, uniq_sigmund
D:3:      lemuel_castle_with_subvaults [lemuel_castle_interior_carwin_3],
          layout_loops_cross, chequers_temple_overflow_statue_of_worship,
          shapermc_ecumenical_altar_rom_forum, uniq_grinder

Skill      XL: |  1  2  3  4  5  6  7 |
---------------+----------------------+-----
Fighting       | 4 5 |  5.1
Armour         | 4 5 6 |  6.2
Shields        | 4 |  4.7
Axes           | 3 4 5 6 7 |  7.2
Dodging        | 1 |  1.4
Stealth        | |  0.7

Action                     |  1- 3 |  4- 6 |  7- 9 || total
---------------------------+-------+-------+-------++-------
  Melee: War axe           |    77 |    79 |    57 ||   213
         Headbutt          |     9 |    11 |     9 ||    29
  Evoke: Wand              |       |       |     1 ||     1
    Use: Potion            |       |     1 |       ||     1
 Armour: Scale mail        |    39 |    31 |       ||    70
         Chain mail        |       |     1 |    29 ||    30
  Dodge: Dodged            |    35 |    34 |    47 ||   116
  Block: Buckler           |    20 |    13 |    22 ||    55

Table legend: (Time is in decaauts)
 A = Elapsed time spent in this place.
 B = Non-inter-level travel time spent in this place.
 C = Inter-level travel time spent in this place.
 D = Time resting spent in this place.
 E = Time spent auto-exploring this place.
 F = Levels seen in this place.
 G = Mean time per level.
                   A        B        C        D        E       F      G
               +--------+--------+--------+--------+--------+-----+--------+
         Total |   3164 |   2982 |    182 |    443 |   1914 |   3 | 1054.7 |
       Dungeon |   3164 |   2982 |    182 |    443 |   1914 |   3 | 1054.7 |
               +--------+--------+--------+--------+--------+-----+--------+

Top non-repeatable levels by time:
     D:1: 1547 daAuts
     D:3: 827 daAuts
     D:2: 789 daAuts
